 Dungeon Crawl Stone Soup version 0.19-a0-1468-ge013c26 (webtiles) character file.

14 Pikaro the Shield-Bearer (level 2, -16/19 HPs)
             Began as a Gargoyle Fighter on Sept 8, 2016.
             Killed from afar by a jackal (29 damage)
             ... with an exploding inner flame
             ... hexed by the player character
             ... on level 2 of the Dungeon.
             The game lasted 00:01:36 (802 turns).

Pikaro the Shield-Bearer (Gargoyle Fighter)          Turns: 802, Time: 00:01:37

Health: -16/19     AC: 10    Str: 19    XL:     2   Next: 45%
Magic:  2/2        EV:  7    Int:  8    God:
Gold:   29         SH:  9    Dex:  9    Spells: 0 memorised, 1 level left

rFire  . . .     SeeInvis .     a - +0 flail
rCold  . . .     Gourm    .     b - +0 scale mail
rNeg   + . .     Faith    .     c - +0 shield
rPois  ∞         Spirit   .     i - +0 helmet
rElec  +         Dismiss  .     (no cloak)
rCorr  .         Reflect  .     (no gloves)
MR     .....     Harm     .     (no boots)
Stlth  ..........               (no amulet)
                                (no ring)
                                (no ring)

@: no status effects
A: negative energy resistance 1, electricity resistance, unbreathing,
petrification resistance, rot immunity, AC +2
a: no special abilities


You were on level 2 of the Dungeon.
You were not hungry.

You visited 1 branch of the dungeon, and saw 2 of its levels.

You collected 29 gold pieces.

Inventory:

Hand Weapons
 a - a +0 flail (weapon)
Missiles
 h - 4 poisoned needles
Armour
 b - a +0 scale mail (worn)
 c - a +0 shield (worn)
 i - a +0 helmet (worn)
   (You found it on level 1 of the Dungeon)
Potions
 d - a potion of might
Comestibles
 f - a bread ration


   Skills:
 - Level 3.2 Fighting
 + Level 3.0 Maces & Flails
 - Level 3.2 Armour
 - Level 3.2 Shields


You had one spell level left.
You didn't know any spells.

Dungeon Overview and Level Annotations

Branches:
Dungeon (2/15)

Altars:

Annotations:
D:2 Terence


Innate Abilities, Weirdness & Mutations

You are resistant to torment.
Your stone body is resilient. (AC +2)
You are immune to poison.
You resist negative energy. (rN+)
You are resistant to electric shocks. (rElec)
You can survive without breathing.
You are immune to petrification.
You are immune to rotting.


Message History

Your shield prevents you from hitting the bat.
You block the bat's attack.
You hit the bat.
You kill the bat!
No target in view!
No target in view!
You see here a meat ration.
Done exploring.
(D) Dungeon
Where to? (? - help)
There is a stone staircase leading down here.
You climb downwards.
A bat and 3 jackals come into view.
The jackal barks! x2
There is a stone staircase leading up here.
A jackal comes into view.
The jackal barks!
A quokka comes into view.
You closely miss the bat. The bat hits you but does no damage.
You block the bat's attack.
You hit the bat. The bat completely misses you.
The bat hits you but does no damage.
The jackal bites you but does no damage.
The jackal closely misses you.
You closely miss the bat. The bat hits you but does no damage. x2
The jackal bites you but does no damage. x2
The jackal bites you. The jackal barely misses you.
You take 1 damage, and have 18/19 hp.
Your shield prevents you from hitting the jackal.
You block the bat's attack. You block the jackal's attack.
The jackal bites you but does no damage.
The jackal bites you. The jackal closely misses you.
You take 2 damage, and have 16/19 hp.
You closely miss the jackal. The bat hits you but does no damage.
The jackal bites you but does no damage. x3
You block the jackal's attack.
The jackal bites you but does no damage.
You block the quokka's attack. You block the jackal's attack. The bat hits you.
You take 1 damage, and have 15/19 hp.
You block the bat's attack. You block the jackal's attack.
A hobgoblin comes into view.
You block the bat's attack. You block the bat's attack.
The bat barely misses you.
The jackal bites you but does no damage.
The bat hits you but does no damage. You block the bat's attack.
The bat barely misses you.
You see here 11 stones.
The bat hits you but does no damage. You block the hobgoblin's attack.
You block the bat's attack. You block the bat's attack.
The bat hits you but does no damage.
Terence the Incautious comes into view.
He is wielding a hand axe of freezing.
Terence shouts!
The bat hits you but does no damage. The bat hits you but does no damage.
Terence looks scornfully at you. The bat barely misses you.
The jackal closely misses you. You block the bat's attack.
You block the jackal's attack.
You completely miss the jackal. You block the bat's attack.
You block the jackal's attack.
Terence says, "Don't bother to defend, it's useless."
You block the jackal's attack. x2
As you read the scroll labeled IRPHIF MOEMM, it crumbles to dust.
The creatures around you are filled with an inner flame!
It was a scroll of immolation.
The jackal bites you but does no damage.
The jackal bites you. You block the jackal's attack.
You take 2 damage, and have 14/19 hp.
As you read the scroll labeled KUSANLERANK, it crumbles to dust.
You feel blessed for a moment.
It was a scroll of remove curse.
The jackal bites you but does no damage. x2
You block the jackal's attack. You block Terence's attack.
You block the jackal's attack. The jackal barely misses you.
The jackal closely misses you.
The jackal bites you but does no damage.
You block the jackal's attack. You block Terence's attack.
You block the bat's attack. The bat hits you but does no damage.
You block Terence's attack. You block the bat's attack.
You block the jackal's attack. The bat hits you but does no damage.
You block the bat's attack. The quokka bites you. The jackal barely misses you.
You take 1 damage, and have 13/19 hp.
You block the bat's attack. The quokka barely misses you.
The quokka bites you but does no damage.
You block the bat's attack. The hobgoblin hits you. You block the bat's attack.
The jackal closely misses you. The bat hits you but does no damage.
You see here a glowing rapier.
The bat hits you but does no damage. You block the bat's attack.
You barely miss the jackal.
The jackal bites you but does no damage.
You block the jackal's attack.
You sock the jackal!
The jackal explodes!
The fiery explosion engulfs you!
Ouch! That really hurt!
You die...

..(..........(##
...............#
..............#
.............#
#...........#
##?........#
##.......##
####.####b........#
.......@.rh.......#
#########g@.......#
#.h.......#
#hh.......#
##.......##
##.....## #######


You could see Terence (inner flame), a quokka (inner flame), 2 jackals, a
hobgoblin (inner flame) and a bat (inner flame).

Vanquished Creatures
  A giant gecko (D:1)
  A giant cockroach (D:1)
  A goblin (D:1)
  2 hobgoblins (D:1)
  2 kobolds (D:1)
  3 bats (D:1)
  2 giant newts (D:1)
  2 rats (D:1)
14 creatures vanquished.

Notes
Turn   | Place    | Note
-------+----------+-------------------------------------------
     0 | D:1      | Pikaro the Gargoyle Fighter began the quest for the Orb.
     0 | D:1      | Reached XP level 1. HP: 14/14 MP: 1/1
   346 | D:1      | Reached XP level 2. HP: 19/19 MP: 2/2
   629 | D:1      | Reached skill level 3 in Maces & Flails
   783 | D:2      | Noticed Terence
   802 | D:2      | Killed from afar by a jackal

Vault maps used:
D:1:      dpeg_arrival_three_bigger_balls, serial_bayou_ford_a
D:2:      amethyst_overflow_temple_binary, corexii_item_surrounded_by_moat,
          uniq_terence, uniq_crazy_yiuf_cottage

Skill      XL: |  1  2 |
---------------+-------+-----
Maces & Flails | 3 |  3.0
Fighting       | |  3.2
Armour         | |  3.2
Shields        | |  3.2

Action                   || total
-------------------------++-------
Melee: Flail             ||    61
  Use: Scroll            ||     2
Armor: Scale mail        ||    56
Dodge: Dodged            ||    32
Block: Shield            ||    67

Vault maps used:
D:1:      dpeg_arrival_three_bigger_balls, serial_bayou_ford_a
D:2:      amethyst_overflow_temple_binary, corexii_item_surrounded_by_moat,
          uniq_terence, uniq_crazy_yiuf_cottage

Table legend:
 A = Turns spent in this place as a percentage of turns spent in the entire game.
 B = Non-inter-level travel turns spent in this place as a percentage of non-inter-level travel turns spent in the entire game.
 C = Inter-level travel turns spent in this place as a percentage of turns spent in this place.
 D = Turns resting spent in this place as a percentage of non-inter-level travel turns spent in this place.
 E = Turns spent auto-exploring this place as a percentage of non-inter-level travel turns spent in this place.
 F = Non-inter-level travel turns spent in this place divided by the number of levels of this place that you've seen.
                   A       B       C       D       E      F
               +-------+-------+-------+-------+-------+----------------------
         Total | 100.0 | 100.0 |   0.5 |   2.0 |  10.5 | 100.0
       Dungeon | 100.0 | 100.0 |   0.5 |   2.0 |  10.5 | 100.0
               +-------+-------+-------+-------+-------+----------------------

Table legend:
 A = Kills in this place as a percentage of kills in entire the game.
 B = Kills by you in this place as a percentage of kills by you in the entire game.
 C = Kills by friends in this place as a percentage of kills by friends in the entire game.
 D = Other kills in this place as a percentage of other kills in the entire game.
 E = Experience gained in this place as a percentage of experience gained in the entire game.
 F = Experience gained in this place divided by the number of levels of this place that you have seen.
                   A       B       C       D       E      F
               +-------+-------+-------+-------+-------+----------------------
         Total | 100.0 | 100.0 |  -nan |  -nan | 100.0 |  10.5
       Dungeon | 100.0 | 100.0 |  -nan |  -nan | 100.0 |  10.5
               +-------+-------+-------+-------+-------+----------------------
